[Event "ICC tourney 2782 (30 10)"]
[Site "Internet Chess Club"]
[Date "2022.01.02"]
[Round "2"]
[White "MADSEN, STUART:gmstuartscott"]
[Black "RAMANATHAN, VARUN:Grasshopper411"]
[Result "0-1"]
[ICCResult "White checkmated"]
[WhiteElo "717"]
[BlackElo "1068"]
[Opening "QGD Slav: 4.Nc3"]
[ECO "D15"]
[NIC "SL.03"]
[Time "14:00:35"]
[PlyCount "164"]
[TimeControl "1800+10"]

1. d4 d5 2. c4 c6 3. Nc3 Nf6 4. Nf3 Bf5 5. e3 e6 6. a3 Nbd7 7. Bd3 Bxd3 8.
Qxd3 Nb6 9. b3 dxc4 10. bxc4 c5 11. O-O Rc8 12. Nb5 a6 13. Nc3 cxd4 14. exd4
Nxc4 15. Qd1 Be7 16. Qb3 b5 17. Re1 O-O 18. Ne4 Na5 19. Qe3 Nc4 20. Qf4 Nd5
21. Qg4 f5 22. Qh3 fxe4 23. Qxe6+ Kh8 24. Qxe4 Nd6 25. Qxd5 Rf5 26. Ne5 Qf8
27. Rf1 Rc2 28. f3 Rg5 29. Bxg5 Bxg5 30. Ng6+ hxg6 31. Qxg5 Rc4 32. Rfd1 Nf5
33. Qxg6 Kg8 34. d5 Qc5+ 35. Kh1 Ne3 36. Re1 Rc3 37. Qxa6 Qxd5 38. a4 Nxg2
39. Rg1 Nh4 40. Qf6 Qxf3+ 41. Qxf3 Nxf3 42. axb5 Nxg1 43. Kxg1 Rb3 44. Ra8+
Kh7 45. Rb8 Kh6 46. Rb6+ Kh5 47. Rb7 g5 48. h4 Kxh4 49. Rh7+ Kg3 50. Kf1
Rxb5 51. Ke2 g4 52. Rg7 Re5+ 53. Kf1 Rf5+ 54. Kg1 Kf3 55. Kf1 g3 56. Rg8
Ke3+ 57. Kg2 Rf2+ 58. Kxg3 Rf3+ 59. Kg2 Rf2+ 60. Kg3 Ke2 61. Rg7 Kf1 62. Rg6
Rg2+ 63. Kf3 Rxg6 64. Ke4 Ke2 65. Kf4 Re6 66. Kf5 Re8 67. Kf6 Ke3 68. Kf7
Re5 69. Kf6 Ke4 70. Kf7 Kf5 71. Kg7 Re6 72. Kf7 Ke5 73. Kg7 Rf6 74. Kh7 Kf5
75. Kg7 Re6 76. Kf7 Ke5 77. Kg7 Rf6 78. Kh7 Ke6 79. Kg7 Ke7 80. Kg8 Rg6+ 81.
Kh7 Kf7 82. Kh8 Rh6# {White checkmated} 0-1

[Event "ICC tourney 2782 (30 10)"]
[Site "Internet Chess Club"]
[Date "2022.01.02"]
[Round "3"]
[White "SCHEFF, HOLDEN:K05-30152348"]
[Black "WU, DARREN:chessboy111"]
[Result "0-1"]
[ICCResult "White checkmated"]
[WhiteElo "282"]
[BlackElo "724"]
[Opening "Giuoco Pianissimo"]
[ECO "C50"]
[NIC "IG.02"]
[Time "16:03:03"]
[PlyCount "42"]
[TimeControl "1800+10"]

1. e4 e5 2. Nf3 Nc6 3. Bc4 Bc5 4. d3 h6 5. Be3 Bb6 6. Bxb6 axb6 7. Nc3 Nf6
8. O-O O-O 9. Qd2 d6 10. Rad1 Na5 11. Bd5 c6 12. Bc4 Nxc4 13. dxc4 Be6 14.
Qxd6 Qxd6 15. Rxd6 Bxc4 16. Rxc6 bxc6 17. Rd1 Rad8 18. Rxd8 Rxd8 19. b3 Be6
20. Na4 Rd1+ 21. Ne1 Rxe1# {White checkmated} 0-1

[Event "ICC tourney 2782 (30 10)"]
[Site "Internet Chess Club"]
[Date "2022.01.02"]
[Round "3"]
[White "RAMANATHAN, VARUN:Grasshopper411"]
[Black "Mukku, Vishnu:psuedonerd123"]
[Result "1-0"]
[ICCResult "Black checkmated"]
[WhiteElo "1068"]
[BlackElo "725"]
[Opening "Caro-Kann: advance variation"]
[ECO "B12"]
[NIC "CK.02"]
[Time "16:03:01"]
[PlyCount "59"]
[TimeControl "1800+10"]

1. e4 c6 2. d4 d5 3. e5 c5 4. c3 cxd4 5. cxd4 Nc6 6. Nf3 Bg4 7. Be2 e6 8. h3
Bh5 9. Nc3 Nge7 10. Bg5 Qc7 11. Rc1 Nf5 12. g4 h6 13. Bd2 Bxg4 14. hxg4
Nfxd4 15. Nxd4 Nxd4 16. Nxd5 Qxe5 17. Nc7+ Ke7 18. Nxa8 Nf3+ 19. Kf1 Nh2+
20. Rxh2 Qxh2 21. Bb4+ Kf6 22. Qd4+ Kg6 23. Qe4+ f5 24. gxf5+ exf5 25. Qe6+
Kh7 26. Qxf5+ g6 27. Rc7+ Bg7 28. Rxg7+ Kxg7 29. Bc3+ Kh7 30. Qf7#
{Black checkmated}
1-0

[Event "ICC tourney 2782 (30 10)"]
[Site "Internet Chess Club"]
[Date "2022.01.02"]
[Round "3"]
[White "HELLER, JACK G:Maximusiv"]
[Black "S VARANASI, RUTHWIK:K03-30145457"]
[Result "1-0"]
[ICCResult "Black checkmated"]
[WhiteElo "873"]
[BlackElo "429"]
[Opening "Sicilian: Smith-Morra gambit"]
[ECO "B21"]
[NIC "SI.48"]
[Time "16:03:37"]
[PlyCount "43"]
[TimeControl "1800+10"]

1. e4 c5 2. d4 cxd4 3. c3 dxc3 4. Nxc3 Qc7 5. Nf3 e6 6. Bd3 Bb4 7. Bd2 Nf6
8. O-O O-O 9. Re1 Be7 10. Qc2 a6 11. e5 Nd5 12. Bxh7+ Kh8 13. Be4 Nxc3 14.
Bxc3 Nc6 15. Qd2 g6 16. Qh6+ Kg8 17. Ng5 Bxg5 18. Qxg5 Kg7 19. Re3 b5 20.
Rh3 Rh8 21. Qf6+ Kf8 22. Rxh8# {Black checkmated} 1-0

[Event "ICC tourney 2782 (30 10)"]
[Site "Internet Chess Club"]
[Date "2022.01.02"]
[Round "3"]
[White "PADIYAR, SUNMAY:sunmay12"]
[Black "SHI, WARREN:warren200"]
[Result "1-0"]
[ICCResult "Black resigns"]
[WhiteElo "1369"]
[BlackElo "822"]
[Opening "Four knights: Scotch, 4...exd4"]
[ECO "C47"]
[NIC "KP.06"]
[Time "16:02:58"]
[PlyCount "34"]
[TimeControl "1800+10"]

1. e4 e5 2. Nf3 Nc6 3. Nc3 Nf6 4. d4 exd4 5. Nxd4 Nxd4 6. Qxd4 d6 7. Bg5 Be7
8. O-O-O O-O 9. f4 c5 10. Qd2 h6 11. Bh4 Nxe4 12. Bxe7 Qxe7 13. Qe3 Re8 14.
Re1 Bf5 15. g4 Bh7 16. Bg2 d5 17. Nxd5 Qe6 {Black resigns} 1-0

[Event "ICC tourney 2782 (30 10)"]
[Site "Internet Chess Club"]
[Date "2022.01.02"]
[Round "3"]
[White "Vartak, Vivaan  Mahesh:Vivaan-Vartak"]
[Black "MADSEN, STUART:gmstuartscott"]
[Result "0-1"]
[ICCResult "White checkmated"]
[WhiteElo "203"]
[BlackElo "717"]
[Opening "English opening"]
[ECO "A20"]
[NIC "EO.25"]
[Time "16:03:05"]
[PlyCount "60"]
[TimeControl "1800+10"]

1. c4 e5 2. b3 d5 3. Bb2 Bd6 4. Nf3 Nd7 5. Qc2 d4 6. d3 c5 7. Qd2 Ngf6 8. e3
b6 9. exd4 cxd4 10. Nh4 Bb7 11. f3 Nc5 12. Qf2 Nxd3+ 13. Bxd3 Bb4+ 14. Nd2
b5 15. cxb5 O-O 16. Qg3 Bxd2+ 17. Kxd2 Qa5+ 18. Bc3 dxc3+ 19. Kc1 Qa3+ 20.
Kd1 Qb2 21. Nf5 g6 22. Qh3 Qxa1+ 23. Ke2 Qxh1 24. Qh6 gxf5 25. Bxf5 Qxg2+
26. Ke1 Qxf3 27. Qxf6 Qh1+ 28. Kf2 Bf3 29. Qh6 Qg2+ 30. Ke3 Qe2#
{White checkmated}
0-1

[Event "ICC tourney 2782 (30 10)"]
[Site "Internet Chess Club"]
[Date "2022.01.02"]
[Round "3"]
[White "WUDALI, PRANAV AVYAI:Pwudali"]
[Black "HECHT, HENRY:Henhec1001"]
[Result "0-1"]
[ICCResult "White checkmated"]
[WhiteElo "492"]
[BlackElo "988"]
[Opening "Queen's pawn, Mason variation"]
[ECO "D00"]
[NIC "QP.08"]
[Time "16:02:56"]
[PlyCount "130"]
[TimeControl "1800+10"]

1. d4 d5 2. Bf4 e6 3. Nf3 Bd6 4. e3 Bxf4 5. exf4 Nf6 6. Bd3 h6 7. O-O c5 8.
dxc5 Qc7 9. Qd2 Qxc5 10. b4 Qd6 11. Qc3 O-O 12. Nbd2 Nc6 13. b5 Nb4 14. Qd4
Nxd3 15. Qxd3 Qxf4 16. Qe2 Ne4 17. Nxe4 dxe4 18. Nd4 Qe5 19. Nf3 Qf4 20. Nd4
Rd8 21. Rad1 Qf6 22. Qxe4 e5 23. Nf3 Rxd1 24. Rxd1 Rb8 25. Nxe5 Bf5 26. Qf4
Bxc2 27. Qxf6 gxf6 28. Rc1 fxe5 29. Rxc2 Rd8 30. Rc1 Rd5 31. h3 Rxb5 32. Rd1
Kg7 33. Rd3 Ra5 34. Rg3+ Kf6 35. Rf3+ Ke6 36. Rb3 b6 37. Rb2 Kd6 38. Rd2+
Rd5 39. Rb2 Kc6 40. Rc2+ Rc5 41. Rb2 a5 42. Kh1 b5 43. Kh2 b4 44. Kg3 Rc4
45. h4 h5 46. Kh2 Rxh4+ 47. Kg1 Rc4 48. Kh2 Rc3 49. Kg1 Kc5 50. Kh2 a4 51.
g3 b3 52. axb3 axb3 53. Kg2 Kb4 54. Kf1 Rc2 55. Rb1 b2 56. Ke1 Rc1+ 57. Rxc1
bxc1=Q+ 58. Ke2 Kc3 59. Kf3 Kd3 60. Kg2 Qc6+ 61. Kh2 Ke2 62. Kg1 Qc1+ 63.
Kg2 Qf1+ 64. Kh2 Kxf2 65. g4 Qg2# {White checkmated} 0-1

[Event "ICC tourney 2782 (30 10)"]
[Site "Internet Chess Club"]
[Date "2022.01.02"]
[Round "3"]
[White "LAVALLEE, MOLLY:mollysun323"]
[Black "ARMBRUSTER, THOMAS E:TE47Armbruster"]
[Result "1-0"]
[ICCResult "Black resigns"]
[WhiteElo "826"]
[BlackElo "1248"]
[Opening "Petrov's defense"]
[ECO "C42"]
[NIC "RG.03"]
[Time "16:10:13"]
[PlyCount "45"]
[TimeControl "1800+10"]

1. e4 e5 2. Nf3 Nf6 3. Nxe5 d6 4. Nf3 Nxe4 5. Bd3 d5 6. Nc3 Qe7 7. Nxd5 Qe6
8. Nxc7+ Kd7 9. Nxe6 fxe6 10. Bxe4 Nc6 11. d3 Bc5 12. O-O Rf8 13. Bxc6+ bxc6
14. Ne5+ Kd6 15. d4 Bb6 16. c3 Ba6 17. Re1 Rf5 18. b3 Raf8 19. Nc4+ Kc7 20.
Nxb6 axb6 21. c4 Rxf2 22. Qg4 Rf1+ 23. Rxf1 {Black resigns} 1-0

[Event "ICC tourney 2782 (30 10)"]
[Site "Internet Chess Club"]
[Date "2022.01.02"]
[Round "3"]
[White "LAVALLEE, ETHAN:FixedTooth"]
[Black "BYSIEK, SYLVIA GRACE:SylviaGrace"]
[Result "0-1"]
[ICCResult "White checkmated"]
[WhiteElo "497"]
[BlackElo "751"]
[Opening "Giuoco Pianissimo: Italian four knights variation"]
[ECO "C47"]
[NIC "KP.06"]
[Time "16:03:16"]
[PlyCount "84"]
[TimeControl "1800+10"]

1. e4 e5 2. Nf3 Nc6 3. Nc3 Nf6 4. Bc4 Bc5 5. d3 O-O 6. Be3 Bb4 7. O-O d6 8.
Nd5 Nxd5 9. Bxd5 Bg4 10. h3 Bh5 11. Bg5 Qd7 12. c3 Bc5 13. Re1 h6 14. Bh4 b5
15. Rb1 b4 16. cxb4 Bxb4 17. Re3 Bc5 18. Re2 Bxf3 19. gxf3 Nd4 20. Rd2 Rab8
21. Qf1 Nxf3+ 22. Kh1 Nxd2 23. Qg2 Nxb1 24. Bf6 g6 25. Qg3 g5 26. h4 Rxb2
27. hxg5 h5 28. Qh4 Qg4 29. Qxg4 hxg4 30. g6 Rxf2 31. gxf7+ Rxf7 32. Bxf7+
Kxf7 33. Bh4 Rf1+ 34. Kg2 Rf4 35. Bg3 Rf3 36. Bh4 Kg6 37. d4 Bxd4 38. a3 Kh5
39. Bg3 Nc3 40. Bxe5 dxe5 41. a4 Rf2+ 42. Kg3 Nxe4# {White checkmated} 0-1

[Event "ICC tourney 2782 (30 10)"]
[Site "Internet Chess Club"]
[Date "2022.01.02"]
[Round "3"]
[White "Ai, Yiming:sailingdesign"]
[Black "Singh, Saharsh:saharshsingh02"]
[Result "0-1"]
[ICCResult "White checkmated"]
[WhiteElo "639"]
[BlackElo "888"]
[Opening "Giuoco Pianissimo: Canal variation"]
[ECO "C50"]
[NIC "IG.02"]
[Time "16:03:02"]
[PlyCount "54"]
[TimeControl "1800+10"]

1. e4 e5 2. Nf3 Nc6 3. Bc4 Bc5 4. Nc3 d6 5. d3 Nf6 6. Bg5 O-O 7. O-O Bg4 8.
h3 Bh5 9. Nd5 Nd4 10. Nxf6+ gxf6 11. Bh6 Re8 12. Re1 f5 13. exf5 Qf6 14. c3
Nxf3+ 15. gxf3 Qxh6 16. Kh1 Bxf2 17. Rf1 Bh4 18. Rg1+ Kh8 19. Qf1 e4 20.
fxe4 Qe3 21. Re1 Bf3+ 22. Rg2 Bxe1 23. Kh2 Rg8 24. Rxg8+ Rxg8 25. d4 Qf2+
26. Qxf2 Bxf2 27. Bxf7 Bg1# {White checkmated} 0-1

[Event "ICC tourney 2782 (30 10)"]
[Site "Internet Chess Club"]
[Date "2022.01.02"]
[Round "3"]
[White "ZHENG, CARSON:Carsonultra22"]
[Black "HAO, RYAN:Ryan334"]
[Result "1-0"]
[ICCResult "Black checkmated"]
[WhiteElo "1039"]
[BlackElo "679"]
[Opening "QGD: 4.Bg5"]
[ECO "D50"]
[NIC "QO.16"]
[Time "16:03:05"]
[PlyCount "111"]
[TimeControl "1800+10"]

1. d4 d5 2. c4 e6 3. Nc3 Nf6 4. Bg5 Bb4 5. e3 h6 6. Bh4 Nc6 7. Nf3 Bd7 8. a3
Bxc3+ 9. bxc3 Na5 10. cxd5 exd5 11. Bd3 O-O 12. O-O Qe7 13. Ne5 Qe6 14. Qf3
Ne4 15. Bxe4 dxe4 16. Qxe4 f6 17. Bg3 fxe5 18. Qxe5 Qxe5 19. Bxe5 Rac8 20.
Rab1 c5 21. dxc5 Nc4 22. Bd6 Nd2 23. Bxf8 Nxf1 24. Rxb7 Bc6 25. Rxa7 Kxf8
26. Kxf1 Bb5+ 27. Ke1 Rxc5 28. Ra5 Ke7 29. a4 Rxc3 30. axb5 Rc5 31. Ra8 Rxb5
32. Ra7+ Kf6 33. Kd2 Rb2+ 34. Ke1 Rb1+ 35. Ke2 Rh1 36. h3 Rg1 37. g3 Rh1 38.
h4 g5 39. Ra6+ Kg7 40. hxg5 hxg5 41. Ra5 Kf6 42. Kf3 Rh5 43. Kg4 Kg6 44. f4
Rh7 45. Rxg5+ Kf6 46. Rf5+ Kg6 47. e4 Re7 48. e5 Kh6 49. Rf6+ Kg7 50. Kg5
Rc7 51. Rg6+ Kh7 52. e6 Rc6 53. f5 Rc7 54. Rh6+ Kg7 55. f6+ Kf8 56. Rh8#
{Black checkmated}
1-0

[Event "ICC tourney 2782 (30 10)"]
[Site "Internet Chess Club"]
[Date "2022.01.02"]
[Round "3"]
[White "SHANKAR, NEAL:NealShankar4"]
[Black "YENIGALLA, MANAS:K06-30081118"]
[Result "0-1"]
[ICCResult "White checkmated"]
[WhiteElo "1031"]
[BlackElo "521"]
[Opening "Scandinavian (center counter) defense"]
[ECO "B01"]
[NIC "SD.01"]
[Time "16:11:43"]
[PlyCount "36"]
[TimeControl "1800+10"]

1. e4 d5 2. exd5 Qxd5 3. Nc3 Qa5 4. Nb5 Nf6 5. b4 Qxb4 6. Nxc7+ Kd8 7. Nxa8
Qc5 8. d4 Qd5 9. Bf4 Na6 10. Bxa6 bxa6 11. Nc7 Qe4+ 12. Qe2 Qxf4 13. Nxa6 e6
14. c3 Bd6 15. Nf3 Ke7 16. O-O Bb7 17. Rab1 Bxf3 18. Qxf3 Qxh2#
{White checkmated}
0-1

[Event "ICC tourney 2782 (30 10)"]
[Site "Internet Chess Club"]
[Date "2022.01.02"]
[Round "3"]
[White "WAREKAR, AARNA:aarnawarekar"]
[Black "WEYMAN, JAMES G:jameswey"]
[Result "1-0"]
[ICCResult "Black resigns"]
[WhiteElo "930"]
[BlackElo "497"]
[Opening "Queen's pawn, Mason variation"]
[ECO "D00"]
[NIC "QP.08"]
[Time "16:03:01"]
[PlyCount "65"]
[TimeControl "1800+10"]

1. d4 d5 2. Bf4 Nc6 3. Nf3 Bf5 4. e3 f6 5. c3 e6 6. Nbd2 Bd6 7. Bg3 Nge7 8.
Be2 e5 9. Rc1 e4 10. Nh4 Be6 11. Bxd6 Qxd6 12. g3 O-O-O 13. Ng2 Bd7 14. c4
Qb4 15. Qc2 Be6 16. Nf4 Qd6 17. c5 Qd7 18. Nxe6 Qxe6 19. a3 h5 20. b4 h4 21.
b5 Na5 22. Qa4 b6 23. cxb6 Qxb6 24. Nb3 Nxb3 25. Qxb3 Qa5+ 26. Kd1 hxg3 27.
fxg3 g5 28. Kc2 Nf5 29. Bg4 Kd7 30. Bxf5+ Ke8 31. Qb4 Rb8 32. Qxa5 a6 33.
Kd2 {Black resigns} 1-0

[Event "ICC tourney 2782 (30 10)"]
[Site "Internet Chess Club"]
[Date "2022.01.02"]
[Round "3"]
[White "LIU, BRYAN:coolcoolsugar"]
[Black "BAPURAM, ATHARV:AtharvRB"]
[Result "0-1"]
[ICCResult "White checkmated"]
[WhiteElo "1216"]
[BlackElo "1016"]
[Opening "Sicilian: dragon, Yugoslav attack, 10.O-O-O"]
[ECO "B78"]
[NIC "SI.18"]
[Time "16:03:00"]
[PlyCount "46"]
[TimeControl "1800+10"]

1. e4 c5 2. Nf3 d6 3. d4 cxd4 4. Nxd4 Nf6 5. Nc3 g6 6. Be3 Bg7 7. f3 O-O 8.
Qd2 Nc6 9. Bc4 Bd7 10. O-O-O Rc8 11. Bb3 Nxd4 12. Bxd4 b5 13. h4 a5 14. a3
b4 15. axb4 axb4 16. Nb1 Qa5 17. h5 Ba4 18. Bxa4 Qxa4 19. hxg6 hxg6 20. g4
Nxe4 21. Qh2 Bh6+ 22. f4 Bxf4+ 23. Rd2 Qxc2# {White checkmated} 0-1

[Event "ICC tourney 2782 (30 10)"]
[Site "Internet Chess Club"]
[Date "2022.01.02"]
[Round "3"]
[White "DU, LEON:ldchessicc"]
[Black "Chen, Angelique Lee:oklahoo"]
[Result "1-0"]
[ICCResult "Black checkmated"]
[WhiteElo "470"]
[BlackElo "880"]
[Opening "Vienna game"]
[ECO "C26"]
[NIC "VG.02"]
[Time "16:06:55"]
[PlyCount "141"]
[TimeControl "1800+10"]

1. e4 e5 2. Bc4 Nf6 3. Nc3 Bc5 4. d3 Nc6 5. Bg5 Be7 6. Nf3 h6 7. Bxf6 Bxf6
8. a3 d6 9. Nd5 Bg4 10. h3 Bh5 11. g4 Bg6 12. Nxf6+ Qxf6 13. c3 Nd8 14. Qe2
Ne6 15. O-O-O Nf4 16. Qd2 Qe7 17. d4 O-O-O 18. Rde1 f6 19. Nh4 Bh7 20. Nf5
Bxf5 21. exf5 g5 22. fxg6 Nxg6 23. Bd3 Nf8 24. Bf5+ Kb8 25. Qc2 Ne6 26. dxe5
fxe5 27. Qb3 Nc5 28. Qc2 Qg5+ 29. Kb1 h5 30. f3 Qf4 31. Ref1 Rdf8 32. b4 Na6
33. Qd3 Qg5 34. Qb5 Qg8 35. Be4 Qb3+ 36. Kc1 Qxc3+ 37. Kd1 Qa1+ 38. Ke2 Qb2+
39. Ke1 Qc3+ 40. Kf2 Qd2+ 41. Kg1 Qe3+ 42. Rf2 Qe1+ 43. Kg2 Qxh1+ 44. Kxh1
Kc8 45. Qxb7+ Kd8 46. Qxa6 hxg4 47. Qxa7 Rxh3+ 48. Kg2 Rfh8 49. fxg4 Rh2+
50. Kf3 R8h3+ 51. Ke2 Rxf2+ 52. Kxf2 Rh2+ 53. Kg3 Re2 54. Bc6 Rc2 55. Qa8+
Ke7 56. Qe8+ Kf6 57. Bd7 Rc3+ 58. Kh4 Rxa3 59. g5+ Kg7 60. Qe7+ Kg6 61. Qf6+
Kh7 62. Bf5+ Kg8 63. Be6+ Kh7 64. g6+ Kh6 65. Bf7 Ra8 66. Qg5+ Kg7 67. Kg4
c6 68. Kf5 d5 69. Qf6+ Kh6 70. g7+ Kh7 71. Qg6# {Black checkmated} 1-0

[Event "ICC tourney 2782 (30 10)"]
[Site "Internet Chess Club"]
[Date "2022.01.02"]
[Round "3"]
[White "KONG, RYAN D:NeuralNetworkQS"]
[Black "Bi, Lige:Bilige1103"]
[Result "1/2-1/2"]
[ICCResult "Game drawn by mutual agreement"]
[WhiteElo "1013"]
[BlackElo "1222"]
[Opening "Sicilian"]
[ECO "B56"]
[NIC "SI.25"]
[Time "16:02:56"]
[PlyCount "99"]
[TimeControl "1800+10"]

1. e4 c5 2. Nf3 d6 3. d4 cxd4 4. Nxd4 Nf6 5. Nc3 Nc6 6. Be3 g6 7. Qd2 Ng4 8.
f3 Nxe3 9. Qxe3 Bg7 10. O-O-O Nxd4 11. Rxd4 Bxd4 12. Qxd4 O-O 13. h4 f6 14.
h5 Kg7 15. g4 g5 16. h6+ Kh8 17. Bd3 Qb6 18. Qa4 Qe3+ 19. Kb1 Qxf3 20. Rg1
Bxg4 21. Be2 Qf2 22. Rxg4 Qe1+ 23. Bd1 Rfc8 24. Kc1 Qe3+ 25. Kb1 Qd2 26. Rg1
Rc6 27. Qb3 Rf8 28. Ne2 Rb6 29. Qe6 Qb4 30. b3 d5 31. Qxd5 a5 32. Nc1 a4 33.
Bh5 axb3 34. Nxb3 Ra6 35. Rd1 Rd6 36. Qf5 Rxd1+ 37. Bxd1 Qe1 38. Qd5 Qb4 39.
Kb2 Qb6 40. Bg4 Qc7 41. Qd3 Qe5+ 42. Nd4 Rd8 43. c3 Qf4 44. Qe2 e5 45. Nb3
Qg3 46. Nc5 Qh4 47. Bh5 b6 48. Ne6 Rd6 49. Ng7 Qf4 50. Kc2
{Game drawn by mutual agreement}
1/2-1/2

[Event "ICC tourney 2782 (30 10)"]
[Site "Internet Chess Club"]
[Date "2022.01.02"]
[Round "3"]
[White "WEYMAN, GRANT A:grantwey"]
[Black "BYSIEK, JULIANA RENEE:JulianaRenee"]
[Result "1-0"]
[ICCResult "Black checkmated"]
[WhiteElo "1144"]
[BlackElo "790"]
[Opening "Giuoco Pianissimo"]
[ECO "C55"]
[NIC "IG.01"]
[Time "16:02:59"]
[PlyCount "63"]
[TimeControl "1800+10"]

1. e4 e5 2. Nf3 Nc6 3. Bc4 Nf6 4. d3 Bc5 5. Be3 Bxe3 6. fxe3 O-O 7. O-O d6
8. Nc3 Bg4 9. d4 a6 10. Qd3 b5 11. Bb3 a5 12. Nxb5 a4 13. Bd5 Ra6 14. Bxc6
Rxc6 15. dxe5 dxe5 16. Nxe5 Rb6 17. Nxg4 Nxg4 18. Rf3 Qg5 19. Nd4 Rg6 20.
Rg3 Qf6 21. Nf5 Rd8 22. Qa3 Qe5 23. Ne7+ Kh8 24. Nxg6+ fxg6 25. Rxg4 Re8 26.
Qd3 Rf8 27. Rf4 Re8 28. Raf1 Qe7 29. Rf7 Qc5 30. Qd4 Qxd4 31. Rf8+ Rxf8 32.
Rxf8# {Black checkmated} 1-0

[Event "ICC tourney 2782 (30 10)"]
[Site "Internet Chess Club"]
[Date "2022.01.02"]
[Round "3"]
[White "KUMBHARATHI, VEDANSH:vedansh98"]
[Black "RAVINUTALA, VIVEK:vivek2009"]
[Result "1/2-1/2"]
[ICCResult "Game drawn by repetition"]
[WhiteElo "730"]
[BlackElo "1126"]
[Opening "Scandinavian defense"]
[ECO "B01"]
[NIC "SD.03"]
[Time "16:02:59"]
[PlyCount "118"]
[TimeControl "1800+10"]

1. e4 d5 2. exd5 Nf6 3. Nc3 Nxd5 4. Nxd5 Qxd5 5. Nf3 Bg4 6. Be2 Nc6 7. h3
Bh5 8. d3 e5 9. Be3 g6 10. O-O g5 11. Nxg5 Bxe2 12. Qxe2 Rg8 13. Ne4 O-O-O
14. c4 Qe6 15. Ng5 Qg6 16. f4 f5 17. Kh1 Be7 18. Rad1 Bxg5 19. fxg5 f4 20.
Bd2 Qxg5 21. Bc3 Rd6 22. Rf3 h5 23. Rd2 Nd4 24. Bxd4 Rxd4 25. b3 c5 26. a3
a5 27. Qf2 h4 28. Qe2 b6 29. Qf2 Rgd8 30. Qe2 Kd7 31. Kg1 Ke6 32. Kf1 Kd7
33. Qf2 Kc6 34. Qe2 Kc7 35. Qf2 Kc8 36. Qe2 e4 37. Rf2 e3 38. Qf3 exd2 39.
Qc6+ Kb8 40. Qxb6+ Ka8 41. Qa6+ Kb8 42. Qb6+ Kc8 43. Qc6+ Kb8 44. Qb6+ Ka8
45. Qa6+ Kb8 46. Qb6+ Kc8 47. Qc6+ Kb8 48. Qb6+ Kc8 49. Qc6+ Kb8 50. Qb6+
Ka8 51. Qa6+ Kb8 52. Qb6+ Ka8 53. Qa6+ Kb8 54. Qb6+ Kc8 55. Qc6+ Kb8 56.
Qb6+ Ka8 57. Qa6+ Kb8 58. Qb6+ Ka8 59. Qa6+ Kb8 {Game drawn by repetition}
1/2-1/2

[Event "ICC tourney 2782 (30 10)"]
[Site "Internet Chess Club"]
[Date "2022.01.02"]
[Round "3"]
[White "DING, OLIVIA:antpower0"]
[Black "AI, RUOMING:charmingraven"]
[Result "1-0"]
[ICCResult "Black checkmated"]
[WhiteElo "645"]
[BlackElo "1080"]
[Opening "QGD Slav defense"]
[ECO "D10"]
[NIC "SL.01"]
[Time "16:02:58"]
[PlyCount "149"]
[TimeControl "1800+10"]

1. d4 d5 2. c4 c6 3. Nc3 Nf6 4. Bf4 Bf5 5. e3 e6 6. Be2 Nbd7 7. Nf3 Be7 8.
O-O O-O 9. Bd3 Bxd3 10. Qxd3 h6 11. e4 dxe4 12. Nxe4 Nb6 13. Rad1 Qd7 14.
Nxf6+ Bxf6 15. c5 Nd5 16. Be5 Rfd8 17. Bxf6 Nxf6 18. Ne5 Qd5 19. b3 Ne4 20.
f3 Nf6 21. Qc4 Qxc4 22. Nxc4 Rd5 23. Na5 Rd7 24. Rfe1 Rc8 25. Nc4 Rcd8 26.
Na5 Rc7 27. Rd2 b6 28. cxb6 axb6 29. Nc4 b5 30. Ne5 Nd7 31. Red1 f6 32. Ng6
Kf7 33. Nf4 Nb6 34. Re1 e5 35. Ne2 Re7 36. Red1 Red7 37. f4 exf4 38. Nxf4
Nd5 39. Nxd5 Rxd5 40. a4 bxa4 41. bxa4 c5 42. a5 cxd4 43. a6 Kg8 44. Ra2 Kf7
45. a7 Ra8 46. Rb1 Rdd8 47. Rb7+ Kf8 48. Kf2 Kg8 49. Ke2 Kh7 50. Kd3 Kg6 51.
Kc4 d3 52. Rd2 Kf5 53. Rxd3 Rxd3 54. Kxd3 Ke5 55. Kc4 Kd6 56. Kb5 Rxa7 57.
Rxa7 g6 58. Rg7 g5 59. Rg6 Ke6 60. Rxh6 Kf5 61. Rh5 Kg4 62. Rh3 f5 63. Rf3
f4 64. h3+ Kh4 65. Kc5 Kh5 66. Kd5 Kg6 67. Ke5 Kh5 68. Rd3 Kh4 69. Kf6 g4
70. Rd4 f3 71. gxf3 Kh5 72. hxg4+ Kh6 73. g5+ Kh7 74. g6+ Kh6 75. Rh4#
{Black checkmated}
1-0

[Event "ICC tourney 2782 (30 10)"]
[Site "Internet Chess Club"]
[Date "2022.01.02"]
[Round "3"]
[White "procopio, Patti:prostripe"]
[Black "Kale, Shubham:shubham07"]
[Result "0-1"]
[ICCResult "White resigns"]
[WhiteElo "1122"]
[BlackElo "1333"]
[Opening "Modern defense"]
[ECO "A40"]
[NIC "QO.17"]
[Time "16:03:04"]
[PlyCount "72"]
[TimeControl "1800+10"]

1. d4 g6 2. Bf4 Bg7 3. Nf3 d6 4. Nc3 Nd7 5. e3 c5 6. Bb5 a6 7. Bxd7+ Bxd7 8.
O-O cxd4 9. exd4 Nf6 10. Re1 O-O 11. d5 Re8 12. Qd2 b5 13. Bh6 Qc7 14. a3
Rac8 15. Bxg7 Kxg7 16. h3 a5 17. Qd4 Qc5 18. Qh4 h6 19. Nd2 g5 20. Qg3 Nh5
21. Qe3 Qxe3 22. Rxe3 b4 23. axb4 axb4 24. Ra7 bxc3 25. bxc3 Nf6 26. Ne4
Nxe4 27. Rxd7 Nxc3 28. Rdxe7 Rxe7 29. Rxe7 Nxd5 30. Rd7 Rc6 31. c4 Nf6 32.
Ra7 Rxc4 33. Ra6 d5 34. Rd6 Rc1+ 35. Kh2 Rf1 36. Kg3 Ne4+ {White resigns}
0-1

[Event "ICC tourney 2782 (30 10)"]
[Site "Internet Chess Club"]
[Date "2022.01.02"]
[Round "3"]
[White "HAMLETT, JAMES MORRISON:Hamlett144"]
[Black "PRABHU, VARUN:varunprabhu"]
[Result "1-0"]
[ICCResult "Black checkmated"]
[WhiteElo "1276"]
[BlackElo "864"]
[Opening "Scotch gambit: Dubois-Réti defense"]
[ECO "C55"]
[NIC "KP.02"]
[Time "16:03:17"]
[PlyCount "109"]
[TimeControl "1800+10"]

1. e4 e5 2. Nf3 Nc6 3. Bc4 Nf6 4. d4 exd4 5. Nxd4 d6 6. Nxc6 bxc6 7. Nc3 Be7
8. O-O O-O 9. f4 Be6 10. Bd3 Re8 11. f5 Bc8 12. g4 d5 13. e5 Bc5+ 14. Kh1
Rxe5 15. Bf4 Re8 16. Qf3 Bb7 17. Rae1 d4 18. Ne4 Nxe4 19. Rxe4 Re5 20. Bxe5
Bd6 21. Bxd6 Qxd6 22. Re2 Rb8 23. b3 c5 24. Be4 Ba6 25. Rfe1 Bxe2 26. Qxe2
Re8 27. Qf2 Qe5 28. Qe2 Qf4 29. Kg1 h6 30. Qg2 c6 31. Re2 Qc1+ 32. Qf1 Qxf1+
33. Kxf1 Rc8 34. Bd3 Kf8 35. Re5 Re8 36. Rxc5 Rc8 37. Bb5 cxb5 38. Rxc8+ Ke7
39. Rc7+ Kd6 40. Rxa7 Kc5 41. Rxf7 Kb4 42. Rxg7 Kc3 43. Rc7+ Kb2 44. a4 bxa4
45. bxa4 Ka3 46. a5 Kb4 47. a6 Kb5 48. a7 Kb6 49. Re7 Ka6 50. a8=Q+ Kb6 51.
Re6+ Kc5 52. Qc6+ Kb4 53. Re5 Ka3 54. Rb5 d3 55. Qa6# {Black checkmated} 1-0

[Event "ICC tourney 2782 (30 10)"]
[Site "Internet Chess Club"]
[Date "2022.01.02"]
[Round "3"]
[White "SAUL, BRUCE H:Bdevil81"]
[Black "BAREKET, NIMROD:nb12"]
[Result "0-1"]
[ICCResult "White resigns"]
[WhiteElo "1223"]
[BlackElo "1191"]
[Opening "Neo-Grünfeld, 6.O-O"]
[ECO "D77"]
[NIC "GI.02"]
[Time "16:02:59"]
[PlyCount "78"]
[TimeControl "1800+10"]

1. d4 Nf6 2. Nf3 d5 3. g3 g6 4. Bg2 Bg7 5. O-O O-O 6. c4 Bg4 7. cxd5 Nxd5 8.
Nc3 Nxc3 9. bxc3 Nd7 10. e4 e5 11. h3 Bxf3 12. Bxf3 exd4 13. cxd4 Nb6 14. e5
c6 15. Ba3 Re8 16. Re1 Qd7 17. Rb1 Rad8 18. Bc5 Qc7 19. Qb3 Rd7 20. Bd6 Rxd6
21. exd6 Rxe1+ 22. Rxe1 Qxd6 23. d5 cxd5 24. Rd1 d4 25. Bxb7 Qc5 26. Be4 Qc3
27. Qxc3 dxc3 28. Rd8+ Bf8 29. Kf1 Nc4 30. Ke1 Nd2 31. Bd3 Kg7 32. Kd1 a5
33. Kc2 Bb4 34. Bb5 Ne4 35. Rd7 Nxf2 36. Bc4 Nxh3 37. Rxf7+ Kh6 38. g4 Ng5
39. Re7 Bxe7 {White resigns} 0-1